 Dungeon Crawl Stone Soup version 0.30.0-5-g1a98f26d00 (webtiles) character file.

Game seed: 4988408982526688056

30 SnakkuSnakku7 the Changer (level 3, -1/20 HPs)
             Began as a Deep Elf Transmuter on May 11, 2023.
             Succumbed to an adder's poison
             ... on level 2 of the Dungeon.
             The game lasted 00:02:01 (918 turns).

SnakkuSnakku7 the Changer (Deep Elf Transmuter)      Turns: 918, Time: 00:02:01

Health: -1/20      AC:  2    Str:  7    XL:     3   Next: 3%
Magic:  9/9        EV: 12    Int: 19    God:
Gold:   22         SH:  5    Dex: 15    Spells: 7/8 levels left

rFire   . .          .
                       - Unarmed
rCold   . . .        (no shield)
rNeg    . . .        a - +0 robe
rPois   .            (helmet currently unavailable)
rElec   .            (no cloak)
rCorr   .            (no gloves)
SInv    .            (boots currently unavailable)
Will    .....        c - amulet of reflection
Stlth   +            g - ring of wizardry
HPRegen 0.23/turn    (no ring)
MPRegen 0.11/turn

%: reflection, wizardry (x1)
@: lethally poisoned (-1 -> -7), appendages (expiring), attractive
A: horns 2, talons 2
a: End Transformation


You were on level 2 of the Dungeon.
You had temporarily grown beastly horns and talons.
You visited 1 branch of the dungeon, and saw 2 of its levels.

You collected 22 gold pieces.

Inventory:

Missiles
 d - 5 poisoned darts
Armour
 a - a +0 robe (worn)
Jewellery
 c - an amulet of reflection (around neck)
 g - a ring of wizardry (left hand)
 j - an amulet of faith
Scrolls
 e - 2 scrolls of immolation {unknown}
 f - a scroll of enchant weapon {unknown}
Potions
 b - a potion of lignification
 i - a potion of flight {unknown}
 k - a potion of curing {unknown}
 l - a potion of haste {unknown}


   Skills:
 - Level 0.7 Fighting
 - Level 2.4 Dodging
 + Level 3.0 Unarmed Combat
 - Level 3.0 Spellcasting
 + Level 3.1 Transmutations


You had 7 spell levels left.
You knew the following spells:

 Your Spells              Type           Power      Damage    Failure   Level
a - Beastly Appendage     Tmut           28%        N/A       1%          1

Your spell library contained the following spells:

 Spells                   Type           Power      Damage    Failure   Level
 Wereblood                Tmut           14%        N/A       2%          2
 Sublimation of Blood     Necr           2%         N/A       9%          2
 Spider Form              Tmut/Pois      8%         N/A       10%         3
 Ice Form                 Ice/Tmut       8%         N/A       30%         4
 Summon Hydra             Summ           1%         N/A       100%        7


Dungeon Overview and Level Annotations

Branches:
Dungeon (2/15)

Altars:


Innate Abilities, Weirdness & Mutations

You have temporarily grown beastly horns and talons.


Message History

You feel sick. The adder closely misses you. The adder barely misses you.
You miss the adder. You claw the adder.
The adder is severely wounded.
You feel sick. The adder bites you but does no damage.
You closely miss the adder. Your kick misses the adder.
The adder is severely wounded.
You feel sick. The adder bites you.
You are too injured to fight recklessly!
You are too injured to fight recklessly!
You closely miss the adder.
You headbutt the adder, but do no damage.
The adder is severely wounded.
You feel sick. You block the adder's attack.
You closely miss the adder.
The adder is severely wounded.
You feel sick. The adder bites you.
* * * LOW HITPOINT WARNING * * *
You barely miss the adder.
The adder is severely wounded.
You feel sick.
You are no longer poisoned.
You block the adder's attack.
A quokka comes into view.
The adder misses you.
You barely miss the adder.
The adder is severely wounded.
The adder bites you.
* * * LOW HITPOINT WARNING * * *
You miss the adder. Your kick misses the adder.
The adder is severely wounded.
Your transformation is almost over.
The adder bites you.
* * * LOW HITPOINT WARNING * * *
You are lethally poisoned!
The adder poisons you!
Really quaff the potion of lignification?
Okay, then.
It was a potion of attraction.
You feel attractive to monsters.
You die...

########## #........#
#.######.########
##.####.#......... #
####.........#######.#.
......##.#............ .
#####.###.#..######.#...
#.####.#.#####......
#.##.>......@S.#
#.##.###.####..# #.##.#
#.# ..r.. #.##.###.#
...##.# #........# ...#
####.#...# ...#
#...#.### ...# #.###.#
...# ######.# #.#


You could see an adder and a quokka.

Vanquished Creatures
  4 ball pythons (D:1)
  2 endoplasms (D:1)
  2 giant cockroaches (D:1)
  4 goblins (D:1)
  A hobgoblin (D:1)
  A quokka (D:1)
  4 bats (D:1)
  2 frilled lizards (D:1)
  3 kobolds (D:1)
  5 rats (D:1)
28 creatures vanquished.

Notes
Turn   | Place    | Note
-------+----------+-------------------------------------------
     0 | D:1      | SnakkuSnakku7 the Deep Elf Transmuter began the quest for
                  | the Orb.
     0 | D:1      | Reached XP level 1. HP: 11/11 MP: 6/6
    47 | D:1      | Found a faded altar of an unknown god.
   101 | D:1      | Reached XP level 2. HP: 8/16 MP: 8/8
   637 | D:1      | Reached XP level 3. HP: 20/20 MP: 7/9
   917 | D:2      | HP: 1/20 [adder (2)]
   918 | D:2      | Succumbed to an adder's poison

Illustrated notes

Levels and vault maps discovered:
D:1:      psy_arrival_statuary, layout_loops_ring,
          chequers_ecumenical_altar_simple_redux
D:2:      layout_loops_ring, minmay_diced_spiral, uniq_robin

Skill      XL: |  1  2 |
---------------+-------+-----
Transmutations | 3 |  3.1
Unarmed Combat | 3 |  3.0
Fighting       | |  0.7
Dodging        | |  2.4
Spellcasting   | |  3.0

Action                     || total
---------------------------++-------
  Melee: Unarmed           ||    93
         Kick              ||    15
         Headbutt          ||    10
         Punch             ||     2
   Cast: Beastly Appendage ||    13
    Use: Potion            ||     1
 Armour: Robe              ||    17
  Dodge: Dodged            ||    39
  Block: Other             ||    23
